% Time on Ice - PORTLAND PIRATES
Lines # - Real PCT - Wanted PCT - Time Play
Normal Forward
1 - 35% - 33% - 15:45
2 - 32% - 30% - 14:26
3 - 26% - 27% - 11:40
4 - 8% - 10% - 3:35
Normal Defense
1 - 38% - 35% - 17:28
2 - 38% - 35% - 17:05
3 - 24% - 25% - 10:53
4 - 0% - 5% - 0:00
PP Forward
1 - 43% - 65% - 4:35
2 - 57% - 35% - 6:00
PP Defense
1 - 51% - 65% - 5:21
2 - 49% - 35% - 5:14
PK Forward
1 - 55% - 60% - 2:12
2 - 45% - 40% - 1:47
PK Defense
1 - 42% - 60% - 1:41
2 - 58% - 40% - 2:18
PK3 Forward
1 - 0% - 60%
2 - 0% - 40%
PK3 Defense
1 - 0% - 60%
2 - 0% - 40%
44 Forward
1 - 0% - 60%
2 - 0% - 40%
44 Defense
1 - 0% - 60%
2 - 0% - 40%
Last Minute Offensive  - 0:00
Last Minute Defensive  - 0:00
Total
Forward - 60:00
Defense - 60:00
% Time on Ice - BANFF WOLVES
Lines # - Real PCT - Wanted PCT - Time Play
Normal Forward
1 - 21% - 25% - 9:43
2 - 28% - 25% - 12:49
3 - 27% - 25% - 12:11
4 - 24% - 25% - 10:43
Normal Defense
1 - 31% - 31% - 14:06
2 - 33% - 31% - 15:03
3 - 31% - 28% - 13:53
4 - 5% - 10% - 2:24
PP Forward
1 - 56% - 55% - 2:13
2 - 44% - 45% - 1:46
PP Defense
1 - 58% - 55% - 2:18
2 - 42% - 45% - 1:41
PK Forward
1 - 52% - 55% - 5:29
2 - 48% - 45% - 5:06
PK Defense
1 - 74% - 55% - 7:49
2 - 26% - 45% - 2:46
PK3 Forward
1 - 0% - 55%
2 - 0% - 45%
PK3 Defense
1 - 0% - 55%
2 - 0% - 45%
44 Forward
1 - 0% - 55%
2 - 0% - 45%
44 Defense
1 - 0% - 55%
2 - 0% - 45%
Last Minute Offensive  - 0:00
Last Minute Defensive  - 0:00
Total
Forward - 60:00
Defense - 60:00
Play-by-Play 1st period 0:01 of 1st period - Jonathan Toews wins face-off versus Jack Eichel in neutral zone. 0:18 of 1st period - Shot by Jack Eichel. 0:18 of 1st period - Stopped by Cam Ward without a rebound. 0:19 of 1st period - Eric Staal wins face-off versus Mark Jankowski in PORTLAND PIRATES zone. 0:19 of 1st period - Eric Staal is hit by Miles Wood. 0:33 of 1st period - Shot by Rickard Rakell. 0:33 of 1st period - Stopped by Pavel Francouz with a rebound. 0:48 of 1st period - Shot by Mark Jankowski. 0:48 of 1st period - Stopped by Cam Ward without a rebound. 0:49 of 1st period - Pavel Zacha wins face-off versus Josh Archibald in PORTLAND PIRATES zone. 0:49 of 1st period - Pavel Zacha is hit by John Hayden. 0:59 of 1st period - Shot by Yanni Gourde. 0:59 of 1st period - Shot Blocked by Josh Archibald. 1:11 of 1st period - Shot by Brett Connolly. 1:11 of 1st period - Shot Misses the Net. 1:30 of 1st period - Icing by Aaron Ness. 1:31 of 1st period - Yanni Gourde wins face-off versus Tanner Kero in PORTLAND PIRATES zone. 1:31 of 1st period - Yanni Gourde is hit by Mark Letestu. 1:37 of 1st period - Double Minor Penalty to Alec Martinez for High sticking. 1:38 of 1st period - Jack Eichel wins face-off versus Yanni Gourde in PORTLAND PIRATES zone. 2:08 of 1st period - Icing by Nikita Zaitsev. 2:09 of 1st period - Craig Smith wins face-off versus Eric Staal in BANFF WOLVES zone. 2:24 of 1st period - Shot by Craig Smith. 2:24 of 1st period - Shot Misses the Net. 3:31 of 1st period - Off-side. 3:32 of 1st period - Yanni Gourde wins face-off versus Jack Eichel in neutral zone. 3:37 of 1st period - Shot by Yanni Gourde. 3:37 of 1st period - Stopped by Pavel Francouz without a rebound. 3:38 of 1st period - Yanni Gourde wins face-off versus Mark Jankowski in BANFF WOLVES zone. 4:34 of 1st period - Off-side. 4:35 of 1st period - Eric Staal wins face-off versus Jack Eichel in neutral zone. 5:19 of 1st period - Icing by Tyler Toffoli. 5:20 of 1st period - Mark Jankowski wins face-off versus Eric Staal in BANFF WOLVES zone. 5:47 of 1st period - Jonathan Toews is hit by John Hayden and loses puck. 6:26 of 1st period - Off-side. 6:27 of 1st period - Jack Eichel wins face-off versus Eric Staal in neutral zone. 7:23 of 1st period - Jack Eichel is hit by Brett Pesce and loses puck. 7:40 of 1st period - Off-side. 7:41 of 1st period - Jonathan Toews wins face-off versus Mark Jankowski in neutral zone. 7:56 of 1st period - Shot by Jonathan Toews. 7:56 of 1st period - Stopped by Pavel Francouz with a rebound. 8:07 of 1st period - Icing by Rasmus Ristolainen. 8:08 of 1st period - Gabriel Landeskog wins face-off versus Tyler Ennis in PORTLAND PIRATES zone. 8:08 of 1st period - Gabriel Landeskog is hit by Tyler Ennis. 8:23 of 1st period - Shot by Josh Archibald. 8:23 of 1st period - Stopped by Cam Ward without a rebound. 8:24 of 1st period - Eric Staal wins face-off versus Mark Jankowski in PORTLAND PIRATES zone. 8:35 of 1st period - Shot by Travis Konecny. 8:35 of 1st period - Stopped by Pavel Francouz without a rebound. 8:36 of 1st period - Jack Eichel wins face-off versus Pavel Zacha in BANFF WOLVES zone. 8:49 of 1st period - Shot by Jack Eichel. 8:49 of 1st period - Stopped by Cam Ward with a rebound. 9:13 of 1st period - Shot by Yanni Gourde. 9:13 of 1st period - Stopped by Pavel Francouz without a rebound. 9:14 of 1st period - Eric Staal wins face-off versus Mark Jankowski in BANFF WOLVES zone. 10:32 of 1st period - Jonathan Toews is hit by Alex Biega and loses puck. 11:25 of 1st period - Icing by Josh Archibald. 11:26 of 1st period - Josh Archibald wins face-off versus Jason Dickinson in BANFF WOLVES zone. 11:26 of 1st period - Alex Biega is hit by William Carrier and loses puck. 11:42 of 1st period - Minor Penalty to Josh Archibald for Interference. 11:43 of 1st period - Eric Staal wins face-off versus Jack Eichel in BANFF WOLVES zone. 11:51 of 1st period - Shot by Thomas Chabot. 11:51 of 1st period - Stopped by Pavel Francouz without a rebound. 11:52 of 1st period - Jack Eichel wins face-off versus Jonathan Toews in BANFF WOLVES zone. 12:19 of 1st period - Shot by Thomas Chabot. 12:19 of 1st period - Shot Misses the Net. 12:39 of 1st period - Shot by Rasmus Ristolainen. 12:39 of 1st period - Stopped by Pavel Francouz without a rebound. 12:40 of 1st period - Tyler Toffoli wins face-off versus Rickard Rakell in BANFF WOLVES zone. 12:40 of 1st period - Tyler Toffoli is hit by Yanni Gourde. 12:55 of 1st period - Icing by Eric Staal. 12:56 of 1st period - Eric Staal wins face-off versus Jack Eichel in PORTLAND PIRATES zone. 12:58 of 1st period - Icing by Rickard Rakell. 12:59 of 1st period - Eric Staal wins face-off versus Jack Eichel in PORTLAND PIRATES zone. 13:55 of 1st period - Shot by Jonathan Toews. 13:55 of 1st period - Shot Misses the Net. 13:57 of 1st period - Shot by Jonathan Toews. 13:57 of 1st period - Shot Misses the Net. 13:59 of 1st period - Shot by Jonathan Toews. 13:59 of 1st period - Deflect By Gabriel Landeskog. 13:59 of 1st period - Stopped by Pavel Francouz with a rebound. 14:03 of 1st period - Shot by Gabriel Landeskog. 14:03 of 1st period - Shot Blocked by Nikita Zaitsev. 14:09 of 1st period - Shot by Jonathan Toews. 14:09 of 1st period - Stopped by Pavel Francouz without a rebound. 14:10 of 1st period - Mark Jankowski wins face-off versus Jason Dickinson in BANFF WOLVES zone. 14:20 of 1st period - Alex Chiasson is hit by Josh Teves and loses puck. 14:32 of 1st period - Off-side. 14:33 of 1st period - Eric Staal wins face-off versus Jack Eichel in neutral zone. 15:52 of 1st period - Shot by Yanni Gourde. 15:52 of 1st period - Shot Misses the Net. 16:06 of 1st period - Shot by Yanni Gourde. 16:06 of 1st period - Stopped by Pavel Francouz without a rebound. 16:06 of 1st period - Minor Penalty to Pavel Francouz for Delaying the game. 16:07 of 1st period - Tyler Toffoli wins face-off versus Jonathan Toews in BANFF WOLVES zone. 16:26 of 1st period - Shot by Jonathan Toews. 16:26 of 1st period - Shot Blocked by Miro Heiskanen. 18:13 of 1st period - Shot by Alex Chiasson. 18:13 of 1st period - Stopped by Pavel Francouz without a rebound. 18:14 of 1st period - Jason Dickinson wins face-off versus Josh Archibald in BANFF WOLVES zone. 18:14 of 1st period - Jason Dickinson is hit by Nikita Zaitsev. 18:33 of 1st period - William Carrier is hit by Nikita Zaitsev and loses puck. 19:22 of 1st period - Shot by Jonathan Toews. 19:22 of 1st period - Shot Hit the Post. 19:38 of 1st period - Shot by Gabriel Landeskog. 19:38 of 1st period - Stopped by Pavel Francouz without a rebound. 19:39 of 1st period - Mark Jankowski wins face-off versus Eric Staal in BANFF WOLVES zone. 19:39 of 1st period - Mark Jankowski is hit by Travis Konecny. 19:47 of 1st period - Icing by Brett Pesce. 19:48 of 1st period - Mark Jankowski wins face-off versus Eric Staal in PORTLAND PIRATES zone. 19:58 of 1st period - Shot by Brett Pesce. 19:58 of 1st period - Shot Blocked by Tyler Toffoli. Goals for this period are 0 for PORTLAND PIRATES vs 0 for BANFF WOLVES. Shots for this period are 12 for PORTLAND PIRATES vs 4 for BANFF WOLVES. 2nd period 0:01 of 2nd period - Jack Eichel wins face-off versus Gabriel Landeskog in neutral zone. 0:08 of 2nd period - Shot by Markus Granlund. 0:08 of 2nd period - Shot Blocked by Rasmus Ristolainen. 0:46 of 2nd period - Shot by Gabriel Landeskog. 0:46 of 2nd period - Stopped by Pavel Francouz with a rebound. 0:48 of 2nd period - Shot by Brett Pesce. 0:48 of 2nd period - Shot Blocked by Nikita Zaitsev. 0:55 of 2nd period - Icing by Miro Heiskanen. 0:56 of 2nd period - Jack Eichel wins face-off versus Pavel Zacha in BANFF WOLVES zone. 2:02 of 2nd period - Shot by Rickard Rakell. 2:02 of 2nd period - Stopped by Pavel Francouz without a rebound. 2:03 o